 Dungeon Crawl Stone Soup version 0.32-a0-612-g1c984fe9d1 (webtiles) character file.

Game seed: 7735022079832224881

903 Tupra the Changeling (level 7, 0/60 HPs)
             Began as a Purple Draconian Shapeshifter on Mar 4, 2024.
             Was a Believer of Wu Jian.
             Slain by a gnoll
             ... wielding a +0 whip
             ... led by a gnoll bouda
              (4 damage)
             ... on level 5 of the Dungeon.
             The game lasted 00:07:42 (3567 turns).

Tupra the Changeling (DrSh)                         Turns: 3567, Time: 00:07:43

Health: 0/60       AC:  6    Str: 16    XL:     7   Next: 80%
Magic:  7/7        EV: 13    Int: 10    God:    Wu Jian [**....]
Gold:   249        SH:  0    Dex: 11    Spells: 6/6 levels left

rFire   . . .        k - +2 whip (elec)
rCold   . . .        (no shield)
rNeg    . . .        (body armour unavailable)
rPois   .            (helmet currently unavailable)
rElec   .            (cloak currently unavailable)
rCorr   .            (gloves currently unavailable)
SInv    .            (boots currently unavailable)
Will    +....        (no amulet)
Stlth   +            (no ring)
HPRegen 0.30/turn    (no ring)
MPRegen 0.10/turn

%: no passive effects
@: beast-form
A: beast (slay +3), nullifying breath, AC +6, unfitting armour, cold-blooded,
clumsy 1
a: Nullifying Breath, Begin Untransformation, Renounce Religion, Wall Jump


You were on level 5 of the Dungeon.
You worshipped Wu Jian.
Wu Jian was pleased with you.
You were a hulking beast.
You visited 1 branch of the dungeon, and saw 5 of its levels.

You collected 249 gold pieces.

Inventory:

Hand Weapons
 k - a +2 whip of electrocution (weapon)
Missiles
 f - 41 poisoned darts (quivered)
 j - 2 throwing nets
Talismans
 b - a beast talisman (active)
 c - a flux talisman
Scrolls
 d - 4 scrolls of teleportation
 e - a scroll of poison {unknown}
 g - a scroll of noise {unknown}
 i - 2 scrolls of identify {unknown}
 l - 2 scrolls of fog {unknown}
 n - a scroll of revelation {unknown}
 o - 2 scrolls of amnesia {unknown}
Potions
 a - 2 potions of lignification
 h - a potion of might


   Skills:
 + Level 4.4 Fighting
 + Level 3.9 Dodging
 + Level 4.9 Unarmed Combat
 * Level 5.9 Shapeshifting


You had 6 spell levels left.
You didn't know any spells.
Your spell library contained the following spells:

 Spells                   Type           Power      Damage    Failure   Level
 Apportation              Tloc           0%         N/A       36%         1
 Necrotise                Necr           0%         1d4       36%         1
 Slow                     Hex            0%         N/A       36%         1
 Sting                    Conj/Alch      0%         1d3       36%         1
 Summon Small Mammal      Summ           0%         N/A       36%         1
 Ensorcelled Hibernation  Hex/Ice        0%         N/A       50%         2
 Confusing Touch          Hex            0%         N/A       75%         3
 Inner Flame              Hex/Fire       0%         N/A       75%         3
 Passwall                 Erth           0%         N/A       75%         3
 Sigil of Binding         Hex            0%         N/A       75%         3
 Swiftness                Air            0%         N/A       75%         3
 Vampiric Draining        Necr           0%         2d6       75%         3
 Irradiate                Conj/Alch      0%         3d11      100%        5
 Conjure Ball Lightning   Conj/Air       0%         3x3d6     100%        6
 Discord                  Hex            0%         N/A       100%        8
 Disjunction              Tloc           0%         N/A       100%        8
 Ignition                 Fire           0%         3d3       100%        8


Dungeon Overview and Level Annotations

Branches:
Dungeon (5/15)             Temple (0/1) D:4

Altars:
Wu Jian


Innate Abilities, Weirdness & Mutations

You are a hulking beast.
Your limbs bulge with bestial killing power. (Slay +3)
You can breathe blasts of antimagic.
Your rich purple scales are hard. (AC +6)
You cannot fit into any form of body armour.
You are cold-blooded and may be slowed by cold attacks.
You are clumsy. (Dex -2)


Message History

The gnoll hits you with a +0 club. The gnoll completely misses you.
The gnoll hits you with a +0 flail! The gnoll misses you.
The gnoll hits you with a +0 halberd of protection.
* * * LOW HITPOINT WARNING * * *
The gnoll hits you with a +0 club.
* * * LOW HITPOINT WARNING * * *
Unknown command.
You hit the gnoll.
You kill the gnoll!
The Council accepts your kill. The gnoll hits you with a +0 flail.
* * * LOW HITPOINT WARNING * * *
The gnoll misses you. The gnoll hits you with a +0 club.
* * * LOW HITPOINT WARNING * * *
Aiming: Nullifying Breath
Press: ? - help, Shift-Dir - straight line, f - you You breathe a sphere of nullifying energy.
The antimagic surges outward!
The nullifying energy engulfs the gnoll!
You kill the gnoll!
The Council accepts your kill.
The nullifying energy engulfs the gnoll!
The gnoll is severely wounded.
The gnoll's magical effects unravel!
The nullifying energy engulfs the gnoll.
The gnoll is moderately wounded.
The gnoll's magical effects unravel!
The nullifying energy engulfs the gnoll bouda!
The gnoll bouda is severely wounded.
The gnoll barely misses you. The gnoll hits you but does no damage.
The gnoll bouda barks out a call to the hunt!
The gnolls pick up the pace!
Unknown command.
Unknown command.
Unknown command.
You hit the gnoll bouda.
You tail-slap the gnoll bouda, but do no damage.
The gnoll bouda is severely wounded.
The gnoll completely misses you. The gnoll hits you with a +0 whip.
You die...

....#######... ######
#...........# #....#
#...........# #....#
#...........# #....#
#...(.......#####....#
....##'##......#....#
. #..#.......#....#
#).#.......'....#
#gh#########....# #gg#
#....# ..... #...##
........ #...#
##+##...## #...# #...#
#...# #.... #...#
#....


You could see a gnoll bouda and 2 gnolls.

Vanquished Creatures
  7 kobold brigands (D:4)
  2 hounds
  An iguana (D:5)
  A sleepcap (D:5)
  12 gnolls
  7 adders
  A dart slug (D:3)
  6 orcs (D:3)
  10 ball pythons
  4 bats
  8 endoplasms
  4 giant cockroaches
  5 goblins
  13 hobgoblins
  44 kobolds
  4 frilled lizards
  3 rats
132 creatures vanquished.

Notes
Turn   | Place    | Note
-------+----------+-------------------------------------------
     0 | D:1      | Tupra the Draconian Shapeshifter began the quest for the
                  | Orb.
     0 | D:1      | Reached XP level 1. HP: 16/16 MP: 1/1
   137 | D:1      | Reached XP level 2. HP: 17/23 MP: 2/2
   238 | D:1      | Found a faded altar of an unknown god.
   979 | D:2      | Reached XP level 3. HP: 28/29 MP: 3/3
  1262 | D:3      | Reached XP level 4. HP: 19/36 MP: 4/4
  1710 | D:3      | Found an ornate altar of the Wu Jian Council.
  1770 | D:3      | Became a worshipper of the Wu Jian Council
  2004 | D:3      | Reached skill level 4 in Shapeshifting
  2096 | D:3      | Reached XP level 5. HP: 40/42 MP: 5/5
  2237 | D:4      | Upgraded the game from 0.32-a0-607-g64ea0e4219 to
                  | 0.32-a0-612-g1c984fe9d1
  2269 | D:4      | Reached * piety under Wu Jian
  2427 | D:4      | Reached XP level 6. HP: 45/51 MP: 6/6
  2471 | D:4      | Reached skill level 5 in Shapeshifting
  2473 | D:4      | HP: 2/51 [gnoll/+0 spear (6)]
  2477 | D:4      | Gained mutation: You are clumsy. (Dex -2) [potion of
                  | mutation]
  2533 | D:4      | Your scales start taking on a rich purple colour.
  2533 | D:4      | Reached XP level 7. HP: 28/58 MP: 7/7
  2755 | D:4      | Reached ** piety under Wu Jian
  3311 | D:4      | Found a staircase to the Ecumenical Temple.
  3503 | D:5      | Entered Level 5 of the Dungeon
  3565 | D:5      | HP: 3/60 [gnoll/+0 club[a gnoll bouda] (5)]
  3567 | D:5      | Slain by a gnoll

Illustrated notes

Levels and vault maps discovered:
D:1:      psy_arrival_whirlpool, layout_rooms, ebering_ecumenical_altar_rust
D:2:      layout_basic, feat_on_display
D:3:      minmay_skewed_foursquare, layout_basic, lemuel_crystal_altar
D:4:      minmay_goblin_kobold_castle, layout_cave_pools,
          minmay_temple_entry_glassed_door
D:5:      layout_gridville, minmay_lizard_king, uniq_grinder

Skill      XL: |  1  2  3  4  5  6  7 |
---------------+----------------------+-----
Dodging        | 2 3 |  3.9
Fighting       | 2 3 4 |  4.4
Shapeshifting  | 4 5 |  5.9
Unarmed Combat | 4 |  4.9

Action                     |  1- 3 |  4- 6 |  7- 9 || total
---------------------------+-------+-------+-------++-------
  Melee: Unarmed           |    40 |       |       ||    40
         Tailslap          |     8 |    14 |    12 ||    34
         Whip              |    30 |   126 |   121 ||   277
         Punch             |     1 |       |       ||     1
Ability: Lunge             |       |     8 |     5 ||    13
         Whirlwind         |       |     5 |    11 ||    16
         Nullifying Breath |       |       |     1 ||     1
    Use: Potion            |       |     4 |       ||     4
         Scroll            |       |       |     1 ||     1
 Armour: Skin              |    33 |    78 |   101 ||   212
  Dodge: Dodged            |    43 |    87 |    90 ||   220

Table legend: (Time is in decaauts)
 A = Elapsed time spent in this place.
 B = Non-inter-level travel time spent in this place.
 C = Inter-level travel time spent in this place.
 D = Time resting spent in this place.
 E = Time spent auto-exploring this place.
 F = Levels seen in this place.
 G = Mean time per level.
                   A        B        C        D        E       F      G
               +--------+--------+--------+--------+--------+-----+--------+
         Total |   3581 |   3434 |    147 |      0 |   2394 |   5 |  716.2 |
       Dungeon |   3581 |   3434 |    147 |      0 |   2394 |   5 |  716.2 |
               +--------+--------+--------+--------+--------+-----+--------+

Top non-repeatable levels by time:
     D:4: 1368 daAuts
     D:3: 997 daAuts
     D:2: 722 daAuts
     D:1: 427 daAuts
     D:5: 64 daAuts
